[Event "Titled Tuesday Blitz November 29 Early 2022"]
[White "Jimenez, Joaquin"]
[Black "Fabris, Alberto"]
[WhiteFideId "109860"]
[BlackFideId "801348"]
[WhiteElo "2163"]
[BlackElo "2145"]
[Result "1-0"]
[Round "05"]
[TimeControl "180+1"]
[Date "2022.11.30"]
[WhiteClock "0:01:36"]
[BlackClock "0:01:30"]

1. c4 e5 2. Nc3 Nf6 3. g3 Bb4 4. Bg2 O-O 5. e3 d6 6. Nge2 c6 7. O-O Bf5 8. a3 Ba5 9. b4 Bc7 10. Bb2 d5 11. cxd5 cxd5 12. d4 Nc6 13. Nb5 exd4 14. Nxc7 Qxc7 15. Nxd4 Be4 16. Rc1 Bxg2 17. Kxg2 Qd6 18. Qf3 Ne4 19. Nf5 Qd7 20. Rfd1 Rad8 21. Bxg7 Rfe8 22. Qg4 Ne7 23. Nh6# 1-0


[Site "https://www.chess.com"]

[Event "Titled Tuesday Blitz November 29 Early 2022"]
[White "Jobava, Baadur"]
[Black "Dardha, Daniel"]
[WhiteFideId "13601520"]
[BlackFideId "240990"]
[WhiteElo "3042"]
[BlackElo "2868"]
[Result "1-0"]
[Round "05"]
[TimeControl "180+1"]
[Date "2022.11.30"]
[WhiteClock "0:00:22"]
[BlackClock "0:00:02"]

1. b3 g6 2. Bb2 Nf6 3. Bxf6 exf6 4. c4 d5 5. cxd5 Qxd5 6. Nc3 Qd8 7. g3 f5 8. Bg2 Bg7 9. e3 O-O 10. Nge2 Nd7 11. d4 c6 12. O-O h5 13. b4 h4 14. Rb1 a6 15. a4 Qe7 16. b5 axb5 17. axb5 c5 18. Nd5 Qd8 19. dxc5 Nxc5 20. Qc2 Ne6 21. Rfd1 Qa5 22. gxh4 Kh8 23. h5 Qa2 24. Rd2 Qa5 25. hxg6 fxg6 26. Nef4 Nxf4 27. Nxf4 Kh7 28. Rd6 Be5 29. Qc5 Bxd6 30. Qxd6 Rg8 31. Qe7+ Kh6 32. Qh4+ Kg7 33. Qe7+ Kh6 34. Rd1 Qc3 35. Bd5 Ra1 36. Rxa1 Qxa1+ 37. Kg2 Rh8 38. b6 Qb2 39. Qh4+ Kg7 40. Qe7+ Kh6 41. Qd6 Qg7 42. h4 Kh7 43. Nh3 Rf8 44. Ng5+ Kh8 45. Be6 f4 46. exf4 Qf6 47. Qc7 Qg7 48. Qc5 Re8 49. Bxc8 Qf6 50. Bxb7 Qxf4 51. Qc3+ 1-0


[Site "https://www.chess.com"]

[Event "Titled Tuesday Blitz November 29 Early 2022"]
[White "Jumabayev, Rinat"]
[Black "Skliarov, Viktor"]
[WhiteFideId "13702661"]
[BlackFideId "14106736"]
[WhiteElo "2561"]
[BlackElo "2284"]
[Result "1-0"]
[Round "05"]
[TimeControl "180+1"]
[Date "2022.11.30"]
[WhiteClock "0:00:15"]
[BlackClock "0:00:04"]

1. e3 g6 2. Nf3 Bg7 3. d4 Nf6 4. Be2 O-O 5. O-O b6 6. c4 Bb7 7. Nc3 e6 8. Qc2 d6 9. e4 Nbd7 10. Be3 Qe7 11. Rad1 a6 12. Rfe1 h6 13. h3 Kh7 14. Bf1 Rfd8 15. g3 Rac8 16. a3 c5 17. d5 e5 18. Nd2 Rf8 19. b4 Ne8 20. Bd3 Nc7 21. Rb1 Ba8 22. bxc5 bxc5 23. Rb2 Bf6 24. h4 Bg7 25. Reb1 h5 26. Nb3 Bh6 27. Bxh6 Kxh6 28. Na5 g5 29. Qd2 Rg8 30. Kg2 Kh7 31. Rh1 g4 32. Rhb1 Ne8 33. Nd1 Ng7 34. Ne3 Rgf8 35. Qd1 Qd8 36. Qa4 Nf6 37. Rb6 Ng8 38. Rxa6 Ne7 39. Nc6 Bxc6 40. dxc6 Ng6 41. Nd5 Nxh4+ 42. gxh4 Qxh4 43. Rh1 Qg5 44. Qc2 h4 45. Qc1 h3+ 46. Kh2 Qh4 47. Qe3 Nh5 48. Rg1 Rg8 49. Ne7 Qxe7 50. Be2 Qh4 51. Ra7 Rg7 52. c7 Nf4 53. Rg3 Ne6 54. Bxg4 Rxc7 55. Rxc7 Nxc7 56. Rxh3 Rxg4 57. Rxh4+ Rxh4+ 58. Kg3 Rf4 59. Qd3 Rf6 60. a4 Kg7 61. a5 Ne6 62. a6 Nf4 63. Qa3 Rh6 64. Kg4 Kg6 65. a7 Rh1 66. a8=Q Rg1+ 67. Kf3 Rh1 68. Qc8 1-0


[Site "https://www.chess.com"]

[Event "Titled Tuesday Blitz November 29 Early 2022"]
[White "Kamsky, Gata"]
[Black "Ingebretsen, Jens E"]
[WhiteFideId "2000024"]
[BlackFideId "1522965"]
[WhiteElo "2666"]
[BlackElo "2213"]
[Result "1-0"]
[Round "05"]
[TimeControl "180+1"]
[Date "2022.11.30"]
[WhiteClock "0:00:42"]
[BlackClock "0:00:05"]

1. d4 Nf6 2. Bf4 g6 3. c3 Bg7 4. Nf3 O-O 5. Nbd2 d6 6. e4 Re8 7. h3 e5 8. dxe5 dxe5 9. Bxe5 Nc6 10. Bxf6 Qxf6 11. Be2 Be6 12. O-O Rad8 13. Qc2 Qf4 14. Rad1 Rd7 15. Nb3 Rxd1 16. Rxd1 Ne5 17. Nbd4 Nxf3+ 18. Bxf3 Bxh3 19. Qa4 c6 20. Qxa7 Bg4 21. Ne2 Qg5 22. Bxg4 Qxg4 23. f3 Qc8 24. Kf1 h5 25. Qf2 Be5 26. a3 Qc7 27. Rd2 c5 28. Rd5 b6 29. Qe3 h4 30. Qg5 h3 31. gxh3 Qc8 32. Kg2 Bg7 33. h4 Qa6 34. Ng3 Qc4 35. h5 Qb3 36. Rd2 gxh5 37. Nxh5 1-0


[Site "https://www.chess.com"]

[Event "Titled Tuesday Blitz November 29 Early 2022"]
[White "Kiseljova, Marya"]
[Black "Rose, Felix"]
[WhiteFideId "4155009"]
[BlackFideId "5105722"]
[WhiteElo "1907"]
[BlackElo "2039"]
[Result "1-0"]
[Round "05"]
[TimeControl "180+1"]
[Date "2022.11.30"]
[WhiteClock "0:00:17"]
[BlackClock "0:00:14"]

1. d4 d5 2. c4 e6 3. Nf3 Nf6 4. g3 dxc4 5. Bg2 a6 6. O-O Nc6 7. e3 Rb8 8. Nfd2 Na5 9. Qa4+ c6 10. b4 cxb3 11. axb3 b6 12. b4 Bd7 13. bxa5 b5 14. Qc2 Qc7 15. Ba3 b4 16. Bb2 Be7 17. Nc4 O-O 18. Nbd2 Nd5 19. Rfc1 Rfd8 20. Ne5 Rdc8 21. Bxd5 exd5 22. Nxd7 Qxd7 23. Nb3 Rb5 24. Nc5 Qa7 25. Qf5 Rf8 26. Nd7 Rd8 27. Ne5 Bf8 28. Nxc6 Qd7 29. Qxd7 Rxd7 30. Ne5 Rd8 31. Rc6 f6 32. Nd3 Ra8 33. Nc5 Be7 34. Rxa6 Rxa6 35. Nxa6 Bd8 36. Nc5 Bxa5 37. Nb3 Bb6 38. Ra8+ Kf7 39. Kf1 Bc7 40. Ra7 Kg6 41. Rxc7 Rb8 42. Rc5 Ra8 43. Ke2 Ra2 44. Rc2 h5 45. Kd3 Kf5 46. h4 Kg4 47. Nc1 Ra8 48. Ke2 b3 49. Nxb3 Rb8 50. Nc5 Kh3 51. Nd3 Kg2 52. Nf4+ Kh2 53. Nxh5 g6 54. Nf4 g5 55. hxg5 fxg5 56. Nxd5 Rf8 57. Ne7 Kg1 58. Kd3 Kg2 59. Ng6 Rf6 60. Ne5 Rf5 61. f4+ Kh3 62. fxg5 Rxg5 63. d5 Kxg3 64. d6 Rg8 65. d7 Rd8 66. Rc8 Rxd7+ 67. Nxd7 Kf2 68. e4 Kf3 69. e5 Kf4 70. e6 Kf3 71. e7 Kf2 72. e8=Q Kf3 73. Qe7 Kf4 74. Rf8+ Kg4 75. Qg7+ Kh3 76. Rh8# 1-0


[Site "https://www.chess.com"]

[Event "Titled Tuesday Blitz November 29 Early 2022"]
[White "Koellner, Ruben Gideon"]
[Black "Rustemov, Alexander"]
[WhiteFideId "12993093"]
[BlackFideId "4119002"]
[WhiteElo "2303"]
[BlackElo "2864"]
[Result "0-1"]
[Round "05"]
[TimeControl "180+1"]
[Date "2022.11.30"]
[WhiteClock "0:00:13"]
[BlackClock "0:00:07"]

1. d4 f5 2. Bg5 g6 3. Nc3 Bg7 4. h4 Nf6 5. e3 h6 6. Bxf6 Bxf6 7. Qf3 e6 8. g4 d5 9. gxf5 gxf5 10. Nh3 c6 11. Nf4 Qc7 12. Be2 Kd8 13. O-O-O Qf7 14. Rdg1 Nd7 15. Qg2 e5 16. Bh5 Qh7 17. Nfe2 Kc7 18. Bg6 Qe7 19. Bxf5 Nb6 20. Bxc8 Raxc8 21. Qf3 Rcf8 22. Qg3 Nc4 23. Kb1 Rhg8 24. Qxg8 Rxg8 25. Rxg8 exd4 26. Nxd4 Qb4 27. Nd1 Bxd4 28. exd4 Qd2 29. Rhg1 Kb6 30. R8g3 a5 31. Rb3+ Ka6 32. Rd3 Qe2 33. f4 Nd2+ 34. Kc1 Nf3 35. Rh1 Qg2 36. f5 Qxh1 37. f6 Qf1 38. f7 Ne1 39. Re3 Ng2 40. Rg3 Qxf7 41. Rxg2 Qf4+ 42. Rd2 Qxh4 43. b3 Qf4 44. c3 h5 45. Kc2 h4 46. Nf2 Qf3 47. Nd3 h3 48. Nc5+ Ka7 49. Ne6 Qf5+ 50. Kb2 Qxe6 51. a4 Qg4 52. Ka3 Qg2 53. Rd3 h2 54. b4 h1=Q 55. bxa5 Qa1+ 56. Kb4 Qgb2+ 57. Kc5 Qxc3+ 58. Kd6 Qxd3 59. Kc7 Qdxd4 60. a6 Qdxa4 61. axb7 Qb5 62. Kd6 Qxb7 63. Kc5 d4 64. Kd6 d3 65. Kc5 Qb5+ 66. Kd6 Qd5+ 67. Kc7 Qaa5+ 68. Kc8 Qdd8# 0-1


[Site "https://www.chess.com"]

[Event "Titled Tuesday Blitz November 29 Early 2022"]
[White "Koridze, Lile"]
[Black "Fernandez Hernandez, Gerardo"]
[WhiteFideId "13612514"]
[BlackFideId "2207400"]
[WhiteElo "2050"]
[BlackElo "2225"]
[Result "1-0"]
[Round "05"]
[TimeControl "180+1"]
[Date "2022.11.30"]
[WhiteClock "0:01:32"]
[BlackClock "0:00:05"]

1. d4 Nf6 2. c4 c5 3. d5 b5 4. cxb5 a6 5. bxa6 g6 6. Nc3 Bg7 7. e4 O-O 8. Nf3 Qa5 9. Bd2 Bxa6 10. Bxa6 Qxa6 11. Qe2 e6 12. Qxa6 Nxa6 13. O-O exd5 14. exd5 d6 15. Bf4 Rfd8 16. Rad1 Nh5 17. Bg5 Re8 18. Nb5 Bxb2 19. Nxd6 Re2 20. Nc4 Bf6 21. Bxf6 Nxf6 22. a4 Nb4 23. d6 Rd8 24. a5 Rc2 25. Nfe5 Nd7 26. Nxd7 Rxd7 27. Nb6 Rd8 28. d7 Ra2 29. Rfe1 Kf8 30. Ra1 Rxa1 31. Rxa1 c4 32. a6 Nc6 33. a7 Nxa7 34. Rxa7 Ke7 35. g3 c3 36. Rc7 Rb8 37. Rc8 c2 38. d8=Q+ Ke6 39. Qd7+ Kf6 40. Nd5+ Kg7 41. Rxc2 1-0


[Site "https://www.chess.com"]

[Event "Titled Tuesday Blitz November 29 Early 2022"]
[White "Kosakowski, Jakub"]
[Black "Eynullayev, Atilla"]
[WhiteFideId "1185080"]
[BlackFideId "13413570"]
[WhiteElo "2463"]
[BlackElo "2181"]
[Result "1-0"]
[Round "05"]
[TimeControl "180+1"]
[Date "2022.11.30"]
[WhiteClock "0:00:25"]
[BlackClock "0:00:06"]

1. d4 Nf6 2. c4 e6 3. Nf3 d5 4. Nc3 Nbd7 5. g3 dxc4 6. Bg2 Bb4 7. O-O O-O 8. Qc2 Nb6 9. Rd1 Bd7 10. Ne5 Nfd5 11. Ne4 Ba4 12. b3 cxb3 13. axb3 Bb5 14. Bb2 a5 15. Nc5 Qc8 16. e4 Nf6 17. d5 exd5 18. exd5 Re8 19. Ne4 Nxe4 20. Bxe4 g6 21. Nxg6 hxg6 22. Bxg6 Re2 23. Bxf7+ Kxf7 24. Qh7+ Ke8 25. Rac1 Qd7 26. Qh8+ Kf7 27. Qf6+ Kg8 28. Qg6+ Kf8 29. Bf6 Rae8 30. Qh6+ Kg8 31. Qh8+ Kf7 32. Qg7# 1-0


[Site "https://www.chess.com"]

[Event "Titled Tuesday Blitz November 29 Early 2022"]
[White "Kovacevic, Radmila"]
[Black "Ciuffoletti, Paolo"]
[WhiteFideId "933171"]
[BlackFideId "807630"]
[WhiteElo "2208"]
[BlackElo "2143"]
[Result "1-0"]
[Round "05"]
[TimeControl "180+1"]
[Date "2022.11.30"]
[WhiteClock "0:00:07"]
[BlackClock "0:00:10"]

1. e4 c5 2. Be2 Nc6 3. f4 g6 4. Nf3 Bg7 5. c3 d5 6. d3 Nf6 7. e5 Ng4 8. h3 Nh6 9. g4 f6 10. d4 fxe5 11. dxe5 Nf7 12. Be3 b6 13. Qa4 Qc7 14. Na3 O-O 15. O-O-O d4 16. Nb5 Qb7 17. cxd4 a6 18. Nc3 b5 19. Qc2 Nb4 20. Qb1 c4 21. a3 Nd5 22. Nxd5 Qxd5 23. Nd2 Bb7 24. Bf3 Qd7 25. Bxb7 Qxb7 26. Qe4 Qc7 27. d5 c3 28. Nb3 cxb2+ 29. Kxb2 Rac8 30. Rc1 Qb7 31. Nc5 Qb8 32. Ka2 Nd8 33. Nd7 Qa8 34. Nxf8 Bxf8 35. Rxc8 Qxc8 36. Rc1 Qb7 37. Bc5 a5 38. Qd4 b4 39. axb4 axb4 40. Bxb4 Nf7 41. e6 Nd6 42. Bc3 Qa6+ 43. Kb1 Qb5+ 44. Kc2 Qe2+ 45. Kb1 Nf7 46. f5 h6 47. fxg6 Ne5 48. Qxe5 1-0


[Site "https://www.chess.com"]

[Event "Titled Tuesday Blitz November 29 Early 2022"]
[White "Kozak, Antoni"]
[Black "Sarana, Alexey"]
[WhiteFideId "21832030"]
[BlackFideId "24133795"]
[WhiteElo "2674"]
[BlackElo "2998"]
[Result "0-1"]
[Round "05"]
[TimeControl "180+1"]
[Date "2022.11.30"]
[WhiteClock "0:00:25"]
[BlackClock "0:00:16"]

1. Nf3 d5 2. e3 c5 3. b3 Nc6 4. Bb5 f6 5. c4 d4 6. Ba3 e5 7. exd4 cxd4 8. Nxe5 Bxa3 9. Qh5+ g6 10. Nxg6 hxg6 11. Qxh8 Qe7+ 12. Kd1 Kf8 13. Re1 Qc5 14. Re8+ Kxe8 15. Qxg8+ Kd7 16. Nxa3 Qxa3 17. Qxg6 Qd6 18. Qf7+ Kd8 19. Kc2 Bf5+ 20. Kb2 Ne5 21. Qe8+ Kc7 22. c5 Qf8 23. Qh5 Bg6 24. Qh4 a6 25. Bf1 Rd8 26. Rc1 Kb8 27. Qf4 Ka7 28. h4 Rd5 29. Bc4 Qxc5 30. Qxf6 Rd6 31. Qg5 Rb6 32. Bf1 Qd6 33. h5 Bh7 34. f4 Nc6 35. g3 d3 36. Qc5 Qf6+ 37. Qc3 Qd8 38. Bg2 Bf5 39. h6 Qd6 40. Qc5 Qf6+ 41. Ka3 Bh7 42. Bxc6 bxc6 43. Re1 Bf5 44. Re7+ Ka8 45. Re5 Rb5 46. Rxf5 Qxf5 47. Qxc6+ Ka7 48. b4 Rb7 49. Qc5+ Qxc5 50. bxc5 Rh7 51. g4 Rxh6 52. g5 Rh4 53. Kb4 Rxf4+ 54. Kc3 Rg4 55. Kxd3 Rxg5 56. Kc4 Kb7 57. d4 Kc6 58. a4 Rh5 59. Kb4 Rh1 60. Ka5 Rd1 61. Kxa6 Rxd4 62. a5 Ra4 63. Ka7 Rxa5+ 64. Kb8 Ra4 65. Kc8 Ra8# 0-1


[Site "https://www.chess.com"]

[Event "Titled Tuesday Blitz November 29 Early 2022"]
[White "Krutko, Anatoly"]
[Black "Clawitter, Craig"]
[WhiteFideId "4185862"]
[BlackFideId "2023105"]
[WhiteElo "2378"]
[BlackElo "2232"]
[Result "0-1"]
[Round "05"]
[TimeControl "180+1"]
[Date "2022.11.30"]
[WhiteClock "0:01:44"]
[BlackClock "0:00:09"]

1. e4 e6 2. Nc3 d5 3. Qe2 dxe4 4. Nxe4 Nf6 5. b3 Nxe4 6. Qxe4 Nd7 7. Bb2 Nf6 8. Qe2 Be7 9. O-O-O Bd7 10. g4 Bc6 11. Nf3 Qd5 12. Bg2 Qa5 13. Kb1 O-O-O 14. g5 Ne4 15. c3 Nxg5 16. Nxg5 Bxg2 17. Nxf7 Qf5+ 18. Ka1 Qxf7 19. Rhg1 Bf3 20. Qe3 Bxd1 21. Qxa7 Bf3 22. d4 b6 23. c4 Bb7 24. d5 Bf6 25. Qa3 exd5 26. c5 Qe7 27. Rc1 Rhf8 28. Kb1 Bxb2 29. Qxb2 bxc5 30. a4 Qe4+ 31. Ka2 Qd4 32. Qxd4 cxd4 33. Rc2 d3 34. Rd2 Rde8 35. Ka3 Re2 36. Rxd3 Rfxf2 37. Kb4 Rxh2 38. Rf3 Re4+ 39. Ka5 Re6 40. Rf8+ Kd7 41. Rf7+ Re7 42. Rf4 g5 43. Rf5 h6 44. Rf6 Rh4 45. b4 Re6 46. Rf7+ Kd6 47. b5 Re7 48. Rf6+ Kd7 49. b6 cxb6+ 50. Kb5 Bc6+ 51. Kxb6 Rb4+ 52. Kc5 Rc4+ 53. Kb6 Rxa4 54. Kc5 Rc4+ 55. Kb6 Re1 56. Rf7+ Kd6 57. Rf6+ Ke5 58. Rxh6 Rb1+ 59. Kc7 Be8+ 60. Kd8 Rb8+ 61. Ke7 Rc7+ 62. Kf8 Ba4# 0-1


[Site "https://www.chess.com"]

[Event "Titled Tuesday Blitz November 29 Early 2022"]
[White "Kulkarni, Vikramaditya"]
[Black "Tasev, Dejan"]
[WhiteFideId "5009847"]
[BlackFideId "936618"]
[WhiteElo "2273"]
[BlackElo "2256"]
[Result "1-0"]
[Round "05"]
[TimeControl "180+1"]
[Date "2022.11.30"]
[WhiteClock "0:00:58"]
[BlackClock "0:00:11"]

1. d4 Nf6 2. Nf3 e6 3. c4 d5 4. Nc3 Be7 5. cxd5 exd5 6. Bg5 c6 7. e3 O-O 8. Bd3 Nbd7 9. O-O Re8 10. Qc2 Nf8 11. Rae1 g6 12. h3 Ne6 13. Bh6 Ng7 14. Bf4 Nf5 15. Ne5 Nd6 16. f3 a6 17. Kh1 Nh5 18. Bh2 Ng7 19. e4 dxe4 20. fxe4 Be6 21. d5 cxd5 22. exd5 Bc8 23. g4 f6 24. Nxg6 hxg6 25. Bxg6 Nf7 26. Bxf7+ Kxf7 27. g5 Bxh3 28. Qh7 Bg2+ 29. Kxg2 Rf8 30. Rxf6+ Bxf6 31. g6# 1-0


[Site "https://www.chess.com"]

[Event "Titled Tuesday Blitz November 29 Early 2022"]
[White "Kuznetsova, Olga"]
[Black "Kezin, Roman"]
[WhiteFideId "4191323"]
[BlackFideId "24124621"]
[WhiteElo "2134"]
[BlackElo "2501"]
[Result "0-1"]
[Round "05"]
[TimeControl "180+1"]
[Date "2022.11.30"]
[WhiteClock "0:00:07"]
[BlackClock "0:00:22"]

1. d4 Nf6 2. g3 d5 3. Bg2 c6 4. Nf3 Bf5 5. O-O h6 6. c4 e6 7. Qb3 Qb6 8. c5 Qa6 9. Nc3 Nbd7 10. Bf4 b6 11. cxb6 axb6 12. h3 Be7 13. g4 Bh7 14. Rfc1 O-O 15. a3 Rfc8 16. e3 c5 17. Qb5 Bd3 18. Qxa6 Bxa6 19. Ne5 cxd4 20. exd4 Nxe5 21. Bxe5 Nd7 22. Bf4 Bc4 23. Re1 Bf8 24. Rac1 b5 25. Nd1 b4 26. axb4 Bxb4 27. Nc3 Nb6 28. Bf1 Bxf1 29. Kxf1 Nc4 30. Re2 Rc6 31. Nb5 Rb6 32. b3 Na5 33. Nc7 Rc8 34. Rb1 Bd6 35. Bxd6 Rxd6 36. Nb5 Rb6 37. Na3 Rxb3 38. Rxb3 Nxb3 39. Nc2 Rc4 40. Ne3 Rc1+ 41. Kg2 Nxd4 42. Rb2 Rc8 43. Rb7 g5 44. Kg3 Ne2+ 45. Kf3 Nf4 46. h4 Rc1 47. hxg5 hxg5 48. Rb2 Rh1 49. Nc2 Rh3# 0-1


[Site "https://www.chess.com"]

[Event "Titled Tuesday Blitz November 29 Early 2022"]
[White "Kvaloy, Aksel Bu"]
[Black "Ambartsumova, Karina"]
[WhiteFideId "1528815"]
[BlackFideId "4166299"]
[WhiteElo "2184"]
[BlackElo "2319"]
[Result "1/2-1/2"]
[Round "05"]
[TimeControl "180+1"]
[Date "2022.11.30"]
[WhiteClock "0:00:18"]
[BlackClock "0:00:10"]

1. e4 e5 2. Nf3 Nc6 3. d4 exd4 4. Bc4 Nf6 5. e5 d5 6. Bb5 Ne4 7. Nxd4 Bd7 8. Bxc6 bxc6 9. O-O Be7 10. f3 Nc5 11. Be3 O-O 12. f4 f6 13. Nd2 fxe5 14. fxe5 Rxf1+ 15. Qxf1 Bg5 16. Bxg5 Qxg5 17. N2f3 Qe3+ 18. Qf2 Qxf2+ 19. Kxf2 Ne4+ 20. Ke3 c5 21. Nb3 Bc6 22. Na5 d4+ 23. Kd3 Bd5 24. c4 Nf2+ 25. Ke2 Bxf3+ 26. Kxf2 Be4 27. Nb3 Re8 28. Nxc5 Rxe5 29. Nxe4 Rxe4 30. c5 d3 31. Rd1 Re2+ 32. Kf3 Rxb2 33. Rxd3 Rxa2 34. Rd8+ Kf7 35. Rd7+ Kf6 36. Rxc7 a5 37. c6 h5 38. h4 Rc2 39. g3 Rc3+ 40. Kf4 Rc4+ 41. Kf3 a4 42. Ra7 Rxc6 43. Rxa4 Kg6 44. Rf4 Re6 45. Kg2 Re7 46. Kh3 Re3 47. Rf2 Ra3 48. Rf4 Kh6 49. Rb4 Ra6 50. Kg2 Rc6 51. Rb8 Kg6 52. Rh8 Rc2+ 53. Kf3 Rc3+ 54. Kf4 Rc4+ 55. Kf3 Rc5 56. Ra8 Rc3+ 57. Kf4 Rc6 58. Ra5 Rf6+ 59. Ke3 Kh6 60. Rg5 Rf1 61. Ra5 Rf6 62. Ra8 Kg6 63. Rh8 Rf5 64. Ke4 Rf1 65. Ke3 Rf7 66. Ke4 Rf1 67. Ke3 Rf5 68. Ke4 Ra5 69. Ke3 Ra4 70. Kf3 Ra3+ 71. Kf4 Ra4+ 72. Kf3 Ra3+ 73. Kf4 Ra4+ 74. Kf3 1/2-1/2


[Site "https://www.chess.com"]

[Event "Titled Tuesday Blitz November 29 Early 2022"]
[White "Langner, Ladislav"]
[Black "Tarnowska, Aleksandra"]
[WhiteFideId "300403"]
[BlackFideId "1180967"]
[WhiteElo "2346"]
[BlackElo "1776"]
[Result "0-1"]
[Round "05"]
[TimeControl "180+1"]
[Date "2022.11.30"]
[WhiteClock "0:00:01"]
[BlackClock "0:00:06"]

1. e4 c5 2. c3 d5 3. exd5 Qxd5 4. d4 e6 5. Nf3 Nf6 6. Na3 a6 7. Nc4 Nbd7 8. Ne3 Qd6 9. Bd3 Be7 10. O-O O-O 11. Nc4 Qc7 12. Re1 b5 13. Nce5 c4 14. Bc2 Bb7 15. Bf4 Bd6 16. Qe2 Nb6 17. Rad1 Nbd5 18. Bg3 Rfd8 19. Ng5 Rf8 20. Bb1 h6 21. Ne4 Nxe4 22. Qxe4 Nf6 23. Qc2 Rfd8 24. Bh4 Bxe5 25. dxe5 Rxd1 26. Qxd1 Qc6 27. f3 Nh7 28. Qc2 Nf8 29. Rd1 Qc5+ 30. Bf2 Qc6 31. Qe2 a5 32. Rd6 Qc7 33. Qd2 Rc8 34. Be3 b4 35. f4 bxc3 36. Qxc3 Rd8 37. Qd2 Rxd6 38. Qxd6 Qxd6 39. exd6 Nd7 40. Bc2 Bc6 41. Kf2 Kf8 42. Bd4 f6 43. Ke3 e5 0-1


[Site "https://www.chess.com"]

[Event "Titled Tuesday Blitz November 29 Early 2022"]
[White "Lauridsen, Jesper Morch"]
[Black "Sztokbant, Bernardo Vainzoff"]
[WhiteFideId "1401890"]
[BlackFideId "2115956"]
[WhiteElo "2262"]
[BlackElo "2228"]
[Result "0-1"]
[Round "05"]
[TimeControl "180+1"]
[Date "2022.11.30"]
[WhiteClock "0:00:06"]
[BlackClock "0:00:14"]

1. e4 c5 2. Nf3 d6 3. d4 cxd4 4. Nxd4 Nf6 5. Nc3 a6 6. Bc4 e6 7. Bb3 Be7 8. Bg5 b5 9. Qf3 Bb7 10. Bxe6 b4 11. Nd5 Bxd5 12. exd5 O-O 13. Bh3 Re8 14. O-O Nbd7 15. Nc6 Qc7 16. Nxe7+ Rxe7 17. Bxd7 Rxd7 18. Bxf6 gxf6 19. Qxf6 Qxc2 20. Rac1 Qg6 21. Qd4 Rb8 22. Rfd1 Re7 23. Rd3 Re4 24. Qa7 Rbe8 25. h3 Re1+ 26. Rxe1 Rxe1+ 27. Kh2 Qxd3 28. Qb8+ Kg7 29. Qxd6 Qf5 30. f4 Rd1 31. Qxb4 Rxd5 32. Qc3+ Qf6 33. Qg3+ Qg6 34. Qc3+ Qf6 35. Qg3+ Kf8 36. Qa3+ Qd6 37. Qf3 Rd4 38. Qa8+ Kg7 39. Qa7 Qxf4+ 40. g3 Qf2+ 41. Kh1 Rd1# 0-1


[Site "https://www.chess.com"]

[Event "Titled Tuesday Blitz November 29 Early 2022"]
[White "Le, Tuan Minh"]
[Black "Goltsev, Dmitry"]
[WhiteFideId "12401153"]
[BlackFideId "24176710"]
[WhiteElo "3017"]
[BlackElo "2762"]
[Result "1-0"]
[Round "05"]
[TimeControl "180+1"]
[Date "2022.11.30"]
[WhiteClock "0:00:46"]
[BlackClock "0:00:02"]

1. d4 Nf6 2. Nf3 e6 3. Bf4 d5 4. e3 c5 5. c3 Nc6 6. Nbd2 Bd6 7. Bg3 Qe7 8. Bb5 O-O 9. Bxc6 bxc6 10. Qa4 Bd7 11. Bxd6 Qxd6 12. Qa3 Rfb8 13. O-O Rb5 14. b3 a5 15. Rfc1 a4 16. c4 dxc4 17. Rxc4 Qd5 18. Rxa4 Rxa4 19. Qxa4 cxd4 20. Qxd4 c5 21. Qc3 Bc6 22. h3 Qf5 23. Qe5 Qc2 24. a4 Rb7 25. a5 Bxf3 26. Nxf3 Ne4 27. a6 Rxb3 28. a7 Qxf2+ 29. Kh2 g6 30. a8=Q+ 1-0


[Site "https://www.chess.com"]

[Event "Titled Tuesday Blitz November 29 Early 2022"]
[White "Leenhouts, Koen"]
[Black "Lopez Del Alamo, Antonio"]
[WhiteFideId "1008439"]
[BlackFideId "2227339"]
[WhiteElo "2409"]
[BlackElo "2175"]
[Result "1-0"]
[Round "05"]
[TimeControl "180+1"]
[Date "2022.11.30"]
[WhiteClock "0:00:16"]
[BlackClock "0:00:07"]

1. Nf3 g6 2. g3 Bg7 3. Bg2 Nf6 4. O-O O-O 5. d3 d5 6. c3 c5 7. a3 Nc6 8. b4 Nd7 9. b5 Na5 10. Bb2 c4 11. Nbd2 e6 12. dxc4 dxc4 13. Ne4 Nb6 14. a4 Nb3 15. Qxd8 Rxd8 16. Rad1 Bd7 17. Nd6 Nxa4 18. Ba3 Nac5 19. Nd4 Rab8 20. Nxb3 Nxb3 21. Nxb7 Rxb7 22. Bxb7 Bf6 23. Bc6 Bc8 24. Rxd8+ Bxd8 25. Rd1 Bb6 26. Kg2 f6 27. f3 Kf7 28. h4 Na5 29. Ba8 f5 30. Bb4 Nb3 31. Bc6 Kf6 32. g4 h6 33. Bf8 fxg4 34. fxg4 Na5 35. Bxh6 Nxc6 36. bxc6 e5 37. Bg5+ Ke6 38. Bd8 Bc5 39. h5 gxh5 40. gxh5 Kf5 41. Bh4 Kg4 42. Rd8 Bf5 43. Bg3 Be4+ 44. Kh2 Bxc6 45. Rc8 1-0


[Site "https://www.chess.com"]

[Event "Titled Tuesday Blitz November 29 Early 2022"]
[White "Lehtosaari, Mauri"]
[Black "Fernandez De La Vara, Arnaldo"]
[WhiteFideId "501999"]
[BlackFideId "3518388"]
[WhiteElo "2512"]
[BlackElo "2387"]
[Result "0-1"]
[Round "05"]
[TimeControl "180+1"]
[Date "2022.11.30"]
[WhiteClock "0:00:07"]
[BlackClock "0:00:08"]

1. d4 c5 2. e3 Nf6 3. Nf3 d5 4. b3 Nc6 5. Bb2 Bg4 6. Be2 e6 7. O-O Bd6 8. dxc5 Bxc5 9. Nbd2 O-O 10. c4 a6 11. Rc1 Ba7 12. a3 Qe7 13. b4 Rfd8 14. c5 e5 15. h3 Bh5 16. Nxe5 Nxe5 17. Bxh5 Nd3 18. Rb1 Nxb2 19. Rxb2 Qe5 20. Bxf7+ Kxf7 21. Qb3 b6 22. Nf3 Qe7 23. cxb6 Bxb6 24. Rd1 Kg8 25. Rbd2 h6 26. Nd4 Qd7 27. Ne2 Qb5 28. Nf4 Qc4 29. Qa4 d4 30. Rc2 Qf7 31. exd4 Ne4 32. g3 Bxd4 33. Kg2 Bxf2 34. Rxf2 Nxf2 35. Rxd8+ Rxd8 36. Kxf2 g5 37. Ke3 gxf4+ 38. gxf4 Qe8+ 0-1


[Site "https://www.chess.com"]

[Event "Titled Tuesday Blitz November 29 Early 2022"]
[White "Leve, Nitai"]
[Black "Tologon tegin, Semetei"]
[WhiteFideId "2006898"]
[BlackFideId "13800574"]
[WhiteElo "2144"]
[BlackElo "2282"]
[Result "1-0"]
[Round "05"]
[TimeControl "180+1"]
[Date "2022.11.30"]
[WhiteClock "0:00:09"]
[BlackClock "0:00:17"]

1. e4 e5 2. Nf3 Nc6 3. d4 exd4 4. c3 Nf6 5. e5 Ne4 6. Qe2 Nc5 7. cxd4 Ne6 8. d5 Ned4 9. Nxd4 Nxd4 10. Qe4 c5 11. Bd3 g6 12. Nc3 Bg7 13. d6 O-O 14. Nd5 Rb8 15. O-O b5 16. Ne7+ Kh8 17. Bg5 Qa5 18. Qh4 Qb4 19. a3 Qa4 20. b4 Qb3 21. Be4 Bb7 22. Rab1 Qc4 23. Bxb7 Rxb7 24. bxc5 Ne2+ 25. Kh1 Qxh4 26. Bxh4 Bxe5 27. Rbe1 f6 28. Rxe2 g5 29. Bg3 Bd4 30. Rc1 b4 31. axb4 Rxb4 32. h4 gxh4 33. Bh2 h3 34. gxh3 Kg7 35. Nf5+ Kg6 36. Nxd4 Rxd4 37. c6 dxc6 38. Rxc6 Rg8 39. Bg3 h6 40. Kg2 h5 41. h4 Kf5 42. Re7 Rxh4 43. d7 Rd4 44. Rc8 Rgg4 45. d8=Q Rxd8 46. Rxd8 h4 47. Rd5+ Kg6 48. Rdd7 Kh6 49. Rh7+ Kg6 50. Rhg7+ Kf5 51. Rxg4 Kxg4 52. Rd4+ Kf5 53. Rxh4 Ke6 54. Ra4 a5 55. Rxa5 f5 56. Kf3 f4 57. Kxf4 Kf6 58. Re5 Kf7 59. Kg5 Kf8 60. Kg6 Kg8 61. Re8# 1-0


[Site "https://www.chess.com"]

[Event "Titled Tuesday Blitz November 29 Early 2022"]
[White "Levitan, Caleb Levi"]
[Black "Deev, Andrei"]
[WhiteFideId "14332620"]
[BlackFideId "4102690"]
[WhiteElo "1963"]
[BlackElo "2291"]
[Result "0-1"]
[Round "05"]
[TimeControl "180+1"]
[Date "2022.11.30"]
[WhiteClock "0:00:01"]
[BlackClock "0:00:26"]

1. e4 d6 2. d4 Nf6 3. Nc3 c6 4. Bf4 b5 5. f3 b4 6. Nce2 e6 7. Qd2 d5 8. e5 Nfd7 9. Ng3 c5 10. N1e2 Nc6 11. dxc5 Bxc5 12. Be3 Bxe3 13. Qxe3 Ncxe5 14. Nd4 O-O 15. Be2 Qb6 16. O-O-O Nc6 17. Nh5 Nxd4 18. Rxd4 f5 19. Qd2 Nf6 20. Rxb4 Qc7 21. Nxf6+ Rxf6 22. Rd1 Bd7 23. Bb5 a5 24. Rb3 a4 25. Rb4 a3 26. b3 Bxb5 27. Rxb5 Rc8 28. Kb1 Qxh2 29. Ra5 Rg6 30. Rxa3 Rxg2 31. Qe3 Rgxc2 32. Qxe6+ Kh8 33. Qxc8+ Rxc8 34. Rc1 Rxc1+ 35. Kxc1 h5 36. Ra7 Qg1+ 0-1


[Site "https://www.chess.com"]